 Dungeon Sprint DCSS version 0.21-a0-91-ga5031da (webtiles) character file.

21 Kidiri the Insei (level 2, -3/36 HPs)
             Began as a Demonspawn Transmuter on June 28, 2017.
             Was an Initiate of Wu Jian.
             Killed from afar by a starcursed mass (8 damage)
             ... with an accursed screaming
             ... in the Dungeon (Sprint V: "Ziggurat Sprint").
             The game lasted 00:01:32 (214 turns).

Kidiri the Insei (Demonspawn Transmuter)             Turns: 214, Time: 00:01:33

Health: -3/36      AC:  2    Str: 21    XL:     2   Next: 65%
Magic:  5/6        EV: 14    Int: 14    God:    Wu Jian [......]
Gold:   0          SH:  0    Dex: 19    Spells: 4/7 levels left

rFire    + . .     SeeInvis .     - Unarmed
rCold    . . .     Gourm    .   (no shield)
rNeg     . . .     Faith    .   b - +0 robe
rPois    .         Spirit   .   (no helmet)
rElec    .         Reflect  .   (no cloak)
rCorr    .         Harm     .   (no gloves)
MR       .....     NoTele   +   (no boots)
Stlth    ..........             (no amulet)
HPRegen  0.12/turn              y - +6 ring of dexterity
MPRegen  0.10/turn              C - +6 ring of strength

@: berserking, appendage, very quick
A: horns 2, fire resistance 1
a: End Transformation, Renounce Religion


You were in the Dungeon.
You worshipped Wu Jian.
Wu Jian was noncommittal.
You were not hungry.
You had grown temporary horns.
You visited 1 branch

Inventory:

Missiles
 a - 1012 arrows
Armour
 b - a +0 robe (worn)
 I - +5 fire dragon scales
 J - +5 gold dragon scales
Jewellery
 n - the ring of Linearity {rN+ Str+2}
   (You found it in the Dungeon)

   [ring of positive energy]

   It affects your strength (+2).
   It protects you from negative energy.
 y - a +6 ring of dexterity (left hand)
 z - a +6 ring of dexterity
 A - a +6 ring of intelligence
 B - a +6 ring of intelligence
 C - a +6 ring of strength (right hand)
 D - a +6 ring of strength
Wands
 E - a wand of disintegration (7/24)
 F - a wand of iceblast (5/15)
 G - a wand of lightning (5/15)
 H - a wand of acid (5/15)
Scrolls
 j - 4 scrolls of blinking
 q - 4 scrolls of amnesia
 r - 3 scrolls of recharging
 s - 7 scrolls of fog
 t - 5 scrolls of identify
 u - 5 scrolls of remove curse
 v - 2 scrolls of fear
Potions
 e - 10 potions of curing
 f - 10 potions of heal wounds
 g - 6 potions of haste
 h - 7 potions of magic
 i - 2 potions of berserk rage
 k - 2 potions of brilliance
 l - 2 potions of invisibility
 m - 4 potions of resistance
 o - 5 potions of agility
 p - 5 potions of might
Books
 c - a book of Changes

   Spells                             Type                      Level
   a - Beastly Appendage              Transmutation                1
   b - Sticks to Snakes               Transmutation                2
   c - Spider Form                    Transmutation/Poison         3
   d - Ice Form                       Ice/Transmutation            4
   e - Blade Hands                    Transmutation                5
Comestibles
 d - 5 bread rations
 w - 42 fruits
 x - 4 meat rations


   Skills:
 * Level 3.4 Fighting
 * Level 2.3 Armour
 * Level 3.2 Dodging
 + Level 1.8 Stealth
 * Level 3.9 Unarmed Combat
 * Level 3.3 Spellcasting
 * Level 3.2 Transmutations


You had 4 spell levels left.
You knew the following spells:

 Your Spells              Type           Power        Failure   Level  Hunger
a - Beastly Appendage     Tmut           ##....       5%          1    #......
b - Sticks to Snakes      Tmut           ##......     9%          2    ##.....


Dungeon Overview and Level Annotations

Branches:
Dungeon (1/1)

Altars:
Ashenzari
Cheibriados
Dithmenos
Elyvilon
Fedhas
Gozag
Hepliaklqana
Kikubaaqudgha
Makhleb
Nemelex Xobeh
Okawaru
Qazlal
Ru
Sif Muna
Trog
Uskayaw
Vehumet
Wu Jian
Xom
Yredelemnul
Zin
The Shining One
Beogh
Jiyva
Lugonu

Annotations:
D 1 transporter


Innate Abilities, Weirdness & Mutations

Your flesh is heat resistant. (rF+)
You have a pair of horns on your head.


Message History

The demonic crawler closely misses you. x2; The demonic crawler hits you.
Unknown command.
A red film seems to cover your vision as you go berserk!
You feel yourself moving faster!
You feel mighty! The demonic crawler hits you!
The demonic crawler misses you. x2; A starcursed mass splits.
Unknown command.
You hit the demonic crawler.
You headbutt the demonic crawler, but do no damage.
The demonic crawler is lightly wounded.
The demonic crawler hits you!
The demonic crawler completely misses you.
The demonic crawler hits you!
* * * LOW HITPOINT WARNING * * *
The crimson imp hits you.
* * * LOW HITPOINT WARNING * * *
Unknown command.
You punch the demonic crawler!
The demonic crawler is lightly wounded.
A chorus of shrieks assaults your mind.
You die...

▓▓▓▓▓▓▓▓▓▓▓▓▓
▓.8©8.▓.8©8.▓
▓.:X=.▓.....▓
▓..X..▓.)...▓
▓..s5.▓.....▓
▓..@..▓.....▓
▓.....▓.....▓
▓.....▓▓▓▓▓▓▓
▓▓▓▓▓▓▓


You could see 2 starcursed masses, a demonic crawler and a crimson imp.

Vanquished Creatures
  A mummy (D)
  A jackal zombie (D)
2 creatures vanquished.

Vanquished Creatures (others)
  A spatial maelstrom (D)
1 creature vanquished.

Grand Total: 3 creatures vanquished

Notes
Turn   | Place    | Note
-------+----------+-------------------------------------------
     0 | D        | Kidiri the Demonspawn Transmuter began the quest for the Orb.
     0 | D        | Reached XP level 1. HP: 15/15 MP: 3/3
     0 | D        | Found a deep blue altar of Sif Muna.
     0 | D        | Found a sacrificial altar of Ru.
     0 | D        | Found a bloodstained altar of Trog.
     0 | D        | Found a stormy altar of Qazlal.
     0 | D        | Found an iron altar of Okawaru.
     0 | D        | Found a sparkling altar of Nemelex Xobeh.
     0 | D        | Found a blossoming altar of Fedhas.
     2 | D        | Found a transporter.
     2 | D        | Found an ancient bone altar of Kikubaaqudgha.
     2 | D        | Found a viscous altar of Jiyva.
     2 | D        | Found a corrupted altar of Lugonu.
     2 | D        | Found a hazy altar of Hepliaklqana.
     2 | D        | Found a burning altar of Makhleb.
     2 | D        | Found an opulent altar of Gozag.
     7 | D        | Banished a spatial maelstrom
    53 | D        | Became a worshipper of the Wu Jian Council
    54 | D        | Reached skill level 1 in Stealth
    54 | D        | Gained mutation: Your flesh is heat resistant. (rF+) [demonic ancestry]
    54 | D        | Reached XP level 2. HP: 24/24 MP: 4/6
    74 | D        | Learned a level 2 spell: Sticks to Snakes
    75 | D        | Entered arena 2.
    75 | D        | Found a transporter.
    93 | D        | Got the ring of Linearity {rN+ Str+2}
   209 | D        | Entered arena 3.
   209 | D        | Noticed a starcursed mass
   209 | D        | Noticed a demonic crawler
   209 | D        | Noticed a crimson imp
   209 | D        | Found a transporter.
   214 | D        | Killed from afar by a starcursed mass

Vault maps used:
D:        sprint_v

Skill      XL: |  1 |
---------------+----+-----
Fighting       | 3 |  3.4
Armour         | 2 |  2.3
Dodging        | 3 |  3.2
Stealth        | 1 |  1.8
Unarmed Combat | 3 |  3.9
Spellcasting   | 3 |  3.3
Transmutations | 3 |  3.2

Action                   || total
-------------------------++-------
Melee: Unarmed           ||    13
       Kick              ||     7
       Headbutt          ||     1
 Cast: Beastly Appendage ||     2
  Use: Potion            ||     2
Dodge: Dodged            ||     9
